[Event "ICC tourney 2530 (3 2)"]
[Site "Internet Chess Club"]
[Date "2021.04.23"]
[Round "3"]
[White "TANZI, ANTONIO:K12-30133927"]
[Black "MENON, ROHAN:K09-17197867"]
[Result "0-1"]
[ICCResult "White checkmated"]
[WhiteElo "1400"]
[BlackElo "1400"]
[Opening "Caro-Kann defense"]
[ECO "B10"]
[NIC "CK.01"]
[Time "18:39:40"]
[PlyCount "72"]
[TimeControl "180+2"]

1. e4 c6 2. Nf3 d5 3. e5 Bf5 4. d4 e6 5. Bd3 Bxd3 6. Qxd3 Nh6 7. O-O Be7 8.
Bxh6 gxh6 9. g3 Nd7 10. Nbd2 Qc7 11. b3 O-O-O 12. c4 Rdg8 13. c5 h5 14. b4
h4 15. Rab1 hxg3 16. fxg3 h5 17. Qe2 h4 18. Qf2 hxg3 19. hxg3 Rh3 20. Qg2
Rhxg3 21. Qxg3 Rxg3+ 22. Kf2 Rg8 23. a4 f6 24. Rg1 Rxg1 25. Rxg1 fxe5 26.
Nxe5 Nxe5 27. dxe5 Qxe5 28. Rg8+ Kd7 29. Nf3 Qb2+ 30. Kg3 Qxb4 31. Rg7 Qxc5
32. Ne5+ Kc7 33. Kg4 Qd4+ 34. Kh5 Qxe5+ 35. Kh6 Qf6+ 36. Rg6 Qh8# { White
checkmated } 0-1

[Event "ICC tourney 2530 (3 2)"]
[Site "Internet Chess Club"]
[Date "2021.04.23"]
[Round "3"]
[White "BASTIANI FONCK, CLAUDIO:K12-16874166"]
[Black "MARIAN, AARON:K09-15799497"]
[Result "0-1"]
[ICCResult "White resigns"]
[WhiteElo "1400"]
[BlackElo "1400"]
[Opening "French defense"]
[ECO "C00"]
[NIC "FR.01"]
[Time "18:39:41"]
[PlyCount "48"]
[TimeControl "180+2"]

1. e4 e6 2. Nf3 d5 3. exd5 exd5 4. d4 c5 5. dxc5 Bxc5 6. Be2 Nf6 7. O-O Nc6
8. h3 O-O 9. Nc3 d4 10. Na4 b6 11. Nxc5 bxc5 12. Bf4 Nd5 13. Bg3 Bf5 14.
Bd3 Qd7 15. Ne5 Nxe5 16. Bxe5 Rfe8 17. Bg3 Nb4 18. a3 Nxd3 19. cxd3 Qb5 20.
Re1 Bxd3 21. Rxe8+ Rxe8 22. Qf3 Qxb2 23. Rd1 Be4 24. Qe2 Qxe2 { White
resigns } 0-1

[Event "ICC tourney 2530 (3 2)"]
[Site "Internet Chess Club"]
[Date "2021.04.23"]
[Round "3"]
[White "KIM, LEO:K09-17247615"]
[Black "SIDDIQI, AMAN:K09-30165568"]
[Result "1-0"]
[ICCResult "Black checkmated"]
[WhiteElo "1400"]
[BlackElo "1144"]
[Opening "Vienna game, Max Lange defense"]
[ECO "C25"]
[NIC "VG.04"]
[Time "18:39:22"]
[PlyCount "57"]
[TimeControl "180+2"]

1. e4 e5 2. Nc3 Nc6 3. Bc4 Bb4 4. Qg4 Qf6 5. Nd5 Qg6 6. Qxg6 hxg6 7. Nxc7+
Kd8 8. Nxa8 Nd4 9. Kd1 Nf6 10. d3 b6 11. c3 Bxc3 12. bxc3 Nc6 13. Bxf7 Bb7
14. Bxg6 Bxa8 15. Nf3 Rh6 16. Bxh6 gxh6 17. Re1 Ng4 18. Rf1 Ne7 19. Bf5
Nxf5 20. exf5 Bxf3+ 21. gxf3 Nxh2 22. Rh1 Nxf3 23. Rxh6 d5 24. f6 Ng5 25.
Rg6 Nf7 26. Rg7 Ke8 27. Kd2 Kf8 28. Rag1 a5 29. Rg8# { Black checkmated }
1-0

[Event "ICC tourney 2530 (3 2)"]
[Site "Internet Chess Club"]
[Date "2021.04.23"]
[Round "3"]
[White "MAITI, VEDANT:K09-16844427"]
[Black "S SEALE, VLADIMIR:K09-30165604"]
[Result "1-0"]
[ICCResult "Black checkmated"]
[WhiteElo "1400"]
[BlackElo "1198"]
[Opening "QGD: 4.Bg5 Be7"]
[ECO "D53"]
[NIC "QO.13"]
[Time "18:40:14"]
[PlyCount "49"]
[TimeControl "180+2"]

1. d4 d5 2. c4 Nf6 3. Nc3 e6 4. Bg5 Be7 5. e3 h6 6. Bh4 g5 7. Bg3 Bd6 8.
Nf3 Bxg3 9. hxg3 Nc6 10. Nxg5 hxg5 11. Rxh8+ Kd7 12. Rxd8+ Kxd8 13. cxd5
Nxd4 14. Qxd4 c5 15. dxc6+ Bd7 16. cxd7 e5 17. Qxe5 g4 18. Qxf6+ Kxd7 19.
Qxf7+ Kd8 20. Rd1+ Kc8 21. Qe8+ Kc7 22. Rd7+ Kb6 23. Qe6+ Ka5 24. Rd5+ Kb4
25. Qe4# { Black checkmated } 1-0

[Event "ICC tourney 2530 (3 2)"]
[Site "Internet Chess Club"]
[Date "2021.04.23"]
[Round "3"]
[White "RAJA, ABHINAV:K12-16290326"]
[Black "SHETTY, DARSH:K09-16728985"]
[Result "0-1"]
[ICCResult "White resigns"]
[WhiteElo "1400"]
[BlackElo "1400"]
[Opening "Dunst (Sleipner,Heinrichsen) opening"]
[ECO "A00"]
[NIC "VO.15"]
[Time "18:39:27"]
[PlyCount "36"]
[TimeControl "180+2"]

1. Nc3 e5 2. Nf3 Nc6 3. d4 exd4 4. Nxd4 Nf6 5. Bg5 Be7 6. Nxc6 bxc6 7. Qd4
d5 8. e4 dxe4 9. Qxd8+ Bxd8 10. O-O-O Be7 11. Bxf6 Bxf6 12. Nxe4 Be5 13. g3
Rb8 14. c3 Bf5 15. Bg2 O-O 16. Rhe1 Rfe8 17. Nc5 Bd6 18. Re6 Bxe6 { White
resigns } 0-1

[Event "ICC tourney 2530 (3 2)"]
[Site "Internet Chess Club"]
[Date "2021.04.23"]
[Round "3"]
[White "SAI TUBATI, TARUN:K09-16761313"]
[Black "XU, JAYDEN:K12-15918365"]
[Result "0-1"]
[ICCResult "White checkmated"]
[WhiteElo "1400"]
[BlackElo "1400"]
[Opening "Sicilian"]
[ECO "B50"]
[NIC "SI.01"]
[Time "18:39:29"]
[PlyCount "46"]
[TimeControl "180+2"]

1. e4 c5 2. Nf3 d6 3. Nc3 Nf6 4. Bc4 Nc6 5. Ng5 e6 6. d3 d5 7. exd5 exd5 8.
Qe2+ Be7 9. Nxd5 Nxd5 10. Bxd5 Qxd5 11. c4 Qe5 12. Qxe5 Nxe5 13. Bf4 Nxd3+
14. Ke2 Nxf4+ 15. Kd1 Bxg5 16. g4 Bxg4+ 17. Ke1 O-O-O 18. Rg1 Rhe8+ 19. Kf1
Bh3+ 20. Rg2 Bxg2+ 21. Kg1 Bh3 22. f3 Ne2+ 23. Kf2 Bh4# { White checkmated
} 0-1

[Event "ICC tourney 2530 (3 2)"]
[Site "Internet Chess Club"]
[Date "2021.04.23"]
[Round "3"]
[White "CHA, SAMUEL:K12-30048965"]
[Black "GOWDA, PRAKYATH:K09-16326375"]
[Result "1-0"]
[ICCResult "Black resigns"]
[WhiteElo "1165"]
[BlackElo "1400"]
[Opening "Scandinavian defense"]
[ECO "B01"]
[NIC "SD.03"]
[Time "18:39:30"]
[PlyCount "57"]
[TimeControl "180+2"]

1. e4 d5 2. exd5 Nf6 3. Nf3 Nxd5 4. c4 Nf6 5. Nc3 Nc6 6. g3 e5 7. Bg2 Bd6
8. O-O O-O 9. d3 Bg4 10. Bg5 Nd4 11. h3 Bh5 12. g4 Nxf3+ 13. Qxf3 Bg6 14.
Nd5 e4 15. dxe4 Nxe4 16. Bxd8 Nd2 17. Qc3 Nxf1 18. Rxf1 Raxd8 19. Nf4 Bxf4
20. Bxb7 Kh8 21. Bd5 f5 22. Re1 Rde8 23. Rxe8 Rxe8 24. Qb4 fxg4 25. Bc6
Re1+ 26. Qxe1 h5 27. hxg4 hxg4 28. Be4 Bxe4 29. Qxe4 { Black resigns } 1-0

[Event "ICC tourney 2530 (3 2)"]
[Site "Internet Chess Club"]
[Date "2021.04.23"]
[Round "3"]
[White "XINZHE ZHANG, ALEXANDER:K09-16588540"]
[Black "AUGUST QUESTER BOYDEN, HUGO:K09-30161202"]
[Result "1/2-1/2"]
[ICCResult "White stalemated"]
[WhiteElo "1400"]
[BlackElo "1400"]
[Opening "Giuoco Pianissimo: Italian four knights variation"]
[ECO "C28"]
[NIC "VG.02"]
[Time "18:39:45"]
[PlyCount "124"]
[TimeControl "180+2"]

1. e4 e5 2. Bc4 Nf6 3. Nc3 Nc6 4. Nf3 Bc5 5. d3 d6 6. h3 Be6 7. Nd5 Bxd5 8.
Bxd5 Nxd5 9. exd5 Nd4 10. Nxd4 Bxd4 11. c3 Bb6 12. O-O Qf6 13. c4 O-O-O 14.
Be3 Bxe3 15. fxe3 Qg5 16. e4 Qe3+ 17. Kh1 g6 18. Rxf7 h5 19. Rf1 h4 20. Qf3
Qxf3 21. Rxf3 Rdf8 22. Raf1 Rxf3 23. Rxf3 g5 24. Kg1 c6 25. dxc6 bxc6 26.
Rf6 Kc7 27. Kf2 d5 28. exd5 cxd5 29. cxd5 Rd8 30. d6+ Rxd6 31. Rxd6 Kxd6
32. Ke3 Kd5 33. b3 Ke6 34. Ke4 Kd6 35. d4 exd4 36. Kxd4 Ke6 37. Kc5 Kf5 38.
b4 Kf4 39. a4 Kg3 40. b5 Kxg2 41. a5 Kxh3 42. b6 g4 43. b7 g3 44. b8=Q g2
45. Qb3+ Kh2 46. Qd1 g1=Q+ 47. Qxg1+ Kxg1 48. Kc6 h3 49. Kb7 h2 50. Kxa7
h1=Q 51. Kb6 Qh6+ 52. Kb7 Kg2 53. a6 Qg7+ 54. Kb6 Qf6+ 55. Kb7 Kf2 56. a7
Qf3+ 57. Ka6 Qf6+ 58. Kb7 Qe7+ 59. Kb8 Qe8+ 60. Kb7 Qe4+ 61. Kb8 Qb4+ 62.
Ka8 Ke3 { White stalemated } 1/2-1/2

[Event "ICC tourney 2530 (3 2)"]
[Site "Internet Chess Club"]
[Date "2021.04.23"]
[Round "3"]
[White "BHARGAVA, ANISH:K09-17325854"]
[Black "ROSLIK NEVISTICH, LUCAS:K09-16541246"]
[Result "0-1"]
[ICCResult "White checkmated"]
[WhiteElo "1400"]
[BlackElo "1469"]
[Opening "Petrov three knights game"]
[ECO "C42"]
[NIC "RG.01"]
[Time "18:39:33"]
[PlyCount "66"]
[TimeControl "180+2"]

1. e4 e5 2. Nf3 Nf6 3. Nc3 Bc5 4. Bc4 Ng4 5. h3 Nxf2 6. Qe2 Nxh1 7. Qf1 Nf2
8. b4 Bb6 9. Na4 Nxe4 10. Bb2 O-O 11. O-O-O d6 12. d3 Nf6 13. Bb5 a6 14.
Bc4 Nc6 15. Nc3 Nxb4 16. Nd5 Nbxd5 17. Bxd5 Be6 18. Bb3 Bxb3 19. cxb3 Nd5
20. Ng5 Qxg5+ 21. Kb1 Ne3 22. Qe1 Nxd1 23. Qxd1 Qxg2 24. Qg4 Qxg4 25. hxg4
g5 26. b4 f5 27. gxf5 Rxf5 28. a3 g4 29. d4 g3 30. dxe5 dxe5 31. Kc1 g2 32.
Kd2 Rf2+ 33. Ke1 g1=Q# { White checkmated } 0-1

[Event "ICC tourney 2530 (3 2)"]
[Site "Internet Chess Club"]
[Date "2021.04.23"]
[Round "3"]
[White "LIN, SYLVIA:K09-16713708"]
[Black "NATHAN, KAPIL:K12-15120535"]
[Result "0-1"]
[ICCResult "White resigns"]
[WhiteElo "1400"]
[BlackElo "1400"]
[Opening "Queen's bishop game"]
[ECO "D02"]
[NIC "QP.06"]
[Time "18:41:54"]
[PlyCount "22"]
[TimeControl "180+2"]

1. d4 Nf6 2. Nf3 d5 3. Bf4 Bf5 4. e3 e6 5. Bd3 Bxd3 6. cxd3 Bd6 7. Bg3 h6
8. Nc3 c6 9. Qb3 Bxg3 10. hxg3 Qc7 11. Ne5 Nbd7 { White resigns } 0-1

[Event "ICC tourney 2530 (3 2)"]
[Site "Internet Chess Club"]
[Date "2021.04.23"]
[Round "3"]
[White "SREEJAN BAYYARAPU, MOHIT:K09-15582120"]
[Black "SUVOROV, ZACHARY:K12-30101116"]
[Result "1-0"]
[ICCResult "Black checkmated"]
[WhiteElo "1400"]
[BlackElo "1400"]
[Opening "Sicilian"]
[ECO "B54"]
[NIC "SI.01"]
[Time "18:39:49"]
[PlyCount "51"]
[TimeControl "180+2"]

1. e4 c5 2. Nf3 d6 3. d4 cxd4 4. Nxd4 a6 5. Nc3 Bd7 6. Be3 Nf6 7. Bc4 e6 8.
Bb3 Be7 9. O-O Nc6 10. Kh1 Nb4 11. a3 Nc6 12. f4 O-O 13. h3 b5 14. g4 Rb8
15. g5 Nh5 16. Qxh5 g6 17. Qe2 b4 18. axb4 Nxb4 19. h4 h5 20. f5 exf5 21.
exf5 gxf5 22. Nxf5 Bxf5 23. Rxf5 d5 24. Bd4 Rb7 25. Qe5 Nc6 26. Qg7# {
Black checkmated } 1-0

[Event "ICC tourney 2530 (3 2)"]
[Site "Internet Chess Club"]
[Date "2021.04.23"]
[Round "3"]
[White "ZHU, AIDEN:K09-30141156"]
[Black "ANANTHARAMAN, AASHISH:K09-15992442"]
[Result "0-1"]
[ICCResult "White forfeits on time"]
[WhiteElo "1400"]
[BlackElo "1400"]
[Opening "Caro-Kann: Tartakower (Nimzovich) variation"]
[ECO "B15"]
[NIC "CK.06"]
[Time "18:39:20"]
[PlyCount "48"]
[TimeControl "180+2"]

1. e4 c6 2. d4 d5 3. Nc3 dxe4 4. Nxe4 Nf6 5. Nxf6+ exf6 6. Nf3 Bg4 7. h3
Bh5 8. Be2 Be7 9. O-O O-O 10. Re1 Nd7 11. Bf4 Qb6 12. b3 Rad8 13. Be3 c5
14. Nh4 Bg6 15. Nxg6 fxg6 16. Bc4+ Kh8 17. dxc5 Bxc5 18. Qe2 Bxe3 19. Qxe3
Qxe3 20. Rxe3 Ne5 21. Bd3 Rc8 22. Rc1 Rfd8 23. Be2 Rd2 24. Bg4 Rcxc2 {
White forfeits on time } 0-1

[Event "ICC tourney 2530 (3 2)"]
[Site "Internet Chess Club"]
[Date "2021.04.23"]
[Round "3"]
[White "JOHN KIM, ANDREW:K09-16142364"]
[Black "DENIZ ILBARS, ATA:K12-30129801"]
[Result "1-0"]
[ICCResult "Black resigns"]
[WhiteElo "1400"]
[BlackElo "1400"]
[Opening "Queen's pawn, Mason variation, Steinitz counter-gambit"]
[ECO "D00"]
[NIC "QP.08"]
[Time "18:39:26"]
[PlyCount "81"]
[TimeControl "180+2"]

1. d4 d5 2. Bf4 c5 3. Nf3 e6 4. e3 Nc6 5. c3 Bd6 6. Bg3 Nf6 7. Bd3 a6 8.
Nbd2 b5 9. O-O c4 10. Bc2 Bb7 11. b3 a5 12. a4 bxa4 13. bxa4 O-O 14. Rb1
Rb8 15. e4 Na7 16. e5 Ne4 17. exd6 Nxd2 18. Qxd2 Qd7 19. Ne5 Qd8 20. d7 Ra8
21. Rxb7 f6 22. Nf3 Nc6 23. Rfb1 Qe7 24. Rc7 Nd8 25. Rc8 Nf7 26. Rxa8 Rxa8
27. Rb7 e5 28. dxe5 fxe5 29. Qg5 Qa3 30. Qd2 Nd6 31. Rb6 Ne4 32. Bxe4 dxe4
33. Ne1 Qe7 34. Rb7 g5 35. Bxe5 Kf7 36. Rb6 Rf8 37. Rf6+ Kg8 38. Rxf8+ Qxf8
39. d8=Q Qxd8 40. Qxd8+ Kf7 41. Qxg5 { Black resigns } 1-0

[Event "ICC tourney 2530 (3 2)"]
[Site "Internet Chess Club"]
[Date "2021.04.23"]
[Round "3"]
[White "WILLIAM STONE, VINCENT:K09-15537233"]
[Black "ADEWUMI, TANITOLUWA:K12-16649696"]
[Result "0-1"]
[ICCResult "White forfeits on time"]
[WhiteElo "1400"]
[BlackElo "1400"]
[Opening "Sicilian: Taimanov variation"]
[ECO "B48"]
[NIC "SI.40"]
[Time "18:39:48"]
[PlyCount "64"]
[TimeControl "180+2"]

1. e4 c5 2. Nf3 e6 3. d4 cxd4 4. Nxd4 Nc6 5. Nc3 Qc7 6. Be3 a6 7. Qd2 b5 8.
Nxc6 dxc6 9. f3 e5 10. O-O-O Be6 11. Qf2 Rb8 12. Bc5 Be7 13. Kb1 Nf6 14.
Be2 Bxc5 15. Qxc5 Nd7 16. Qd6 Qxd6 17. Rxd6 Rc8 18. Rhd1 Ke7 19. g3 Rhd8
20. f4 f6 21. a3 Nc5 22. Rxd8 Rxd8 23. Rxd8 Kxd8 24. b4 Nd7 25. Nd1 Kc7 26.
Kb2 Kd6 27. Kc3 h6 28. Kd2 g5 29. f5 Bf7 30. Ne3 h5 31. h4 g4 32. c4 Kc7 {
White forfeits on time } 0-1

[Event "ICC tourney 2530 (3 2)"]
[Site "Internet Chess Club"]
[Date "2021.04.23"]
[Round "3"]
[White "AMERINENI, SUNKRITH:K09-17355682"]
[Black "SHAH, ARSH:K09-17096480"]
[Result "0-1"]
[ICCResult "White resigns"]
[WhiteElo "1400"]
[BlackElo "1400"]
[Opening "Giuoco Pianissimo: Canal variation"]
[ECO "C50"]
[NIC "IG.02"]
[Time "18:39:39"]
[PlyCount "60"]
[TimeControl "180+2"]

1. e4 e5 2. Nf3 Nc6 3. Bc4 Bc5 4. d3 Nf6 5. Nc3 d6 6. Bg5 h6 7. Bh4 Bg4 8.
h3 Bh5 9. g4 Bg6 10. Qe2 Nd4 11. Nxd4 Bxd4 12. Nd5 c6 13. Nxf6+ gxf6 14. c3
Bb6 15. Qf3 Rf8 16. Bxf6 Qd7 17. Bg7 Rg8 18. Bxh6 O-O-O 19. O-O-O d5 20.
exd5 cxd5 21. Bb3 Kb8 22. Bc2 Ka8 23. d4 e4 24. Qe3 Bc7 25. f4 Bd6 26. f5
Bh7 27. Bf4 Qc7 28. Bh6 Rde8 29. f6 Rg6 30. g5 Bf4 { White resigns } 0-1

[Event "ICC tourney 2530 (3 2)"]
[Site "Internet Chess Club"]
[Date "2021.04.23"]
[Round "3"]
[White "KLEIN, ISAAC:K09-17334355"]
[Black "GELDIYEV, MEKAN:K12-30158418"]
[Result "0-1"]
[ICCResult "White checkmated"]
[WhiteElo "1259"]
[BlackElo "1400"]
[Opening "Giuoco Piano: four knights variation"]
[ECO "C47"]
[NIC "RG.01"]
[Time "18:39:53"]
[PlyCount "78"]
[TimeControl "180+2"]

1. e4 e5 2. Nf3 Nf6 3. Nc3 Nc6 4. Bc4 Bc5 5. O-O O-O 6. d3 a6 7. a3 b5 8.
Nxb5 axb5 9. Bxb5 Ba6 10. Bxc6 dxc6 11. Nxe5 Qd6 12. Bf4 Qe6 13. Nf3 Nh5
14. Be3 Bxe3 15. fxe3 Bc8 16. Ng5 Qg6 17. h4 h6 18. Nf3 Bh3 19. Qe2 Ng3 20.
Qf2 Nxf1 21. Rxf1 Bd7 22. Ne5 Qe6 23. Nxd7 Qxd7 24. Qg3 Rab8 25. b4 Ra8 26.
Ra1 Rfc8 27. a4 c5 28. bxc5 Rxa4 29. Rxa4 Qxa4 30. d4 Qxc2 31. d5 Qxc5 32.
Qe5 Qxe3+ 33. Kh2 Kf8 34. d6 cxd6 35. Qxd6+ Kg8 36. Qd7 Rc2 37. Qe8+ Kh7
38. Qxf7 Qxe4 39. h5 Qxg2# { White checkmated } 0-1

[Event "ICC tourney 2530 (3 2)"]
[Site "Internet Chess Club"]
[Date "2021.04.23"]
[Round "3"]
[White "BALAMURUGAN, ABHIJAY:K09-16913354"]
[Black "MUKHERJEE, ADITYA:K12-15344130"]
[Result "0-1"]
[ICCResult "White checkmated"]
[WhiteElo "1400"]
[BlackElo "1400"]
[Opening "Caro-Kann defense"]
[ECO "B10"]
[NIC "CK.01"]
[Time "18:39:50"]
[PlyCount "60"]
[TimeControl "180+2"]

1. e4 c6 2. Nf3 d5 3. exd5 cxd5 4. d4 Nf6 5. Nc3 e6 6. Bb5+ Bd7 7. Bxd7+
Nbxd7 8. O-O Be7 9. Re1 O-O 10. Bf4 Nh5 11. Bg3 Nxg3 12. fxg3 Qc7 13. Rf1
a6 14. Qe2 b5 15. a3 Qb6 16. Rad1 Rfb8 17. Ne5 Nxe5 18. Qxe5 Bf6 19. Qf4 b4
20. axb4 Qxb4 21. Qg4 Qxb2 22. Na4 Qb4 23. Rxf6 Qxa4 24. Rdf1 Rb7 25. R6f4
Rf8 26. Qg5 Rb2 27. Rg4 g6 28. Qh6 Qxc2 29. Rf2 Qxf2+ 30. Kh1 Qxg2# { White
checkmated } 0-1

[Event "ICC tourney 2530 (3 2)"]
[Site "Internet Chess Club"]
[Date "2021.04.23"]
[Round "3"]
[White "KOLLIPARA, ADVAITH:K09-15014487"]
[Black "GUO, JUNHUI:K09-30160929"]
[Result "1-0"]
[ICCResult "Black forfeits on time"]
[WhiteElo "1400"]
[BlackElo "1400"]
[Opening "Dutch defense"]
[ECO "A84"]
[NIC "HD.10"]
[Time "18:39:22"]
[PlyCount "39"]
[TimeControl "180+2"]

1. d4 f5 2. c4 Nf6 3. Nf3 e6 4. g3 g6 5. Bg2 Bg7 6. O-O O-O 7. Bg5 Nc6 8.
Ne5 Qe8 9. Nc3 Nxe5 10. dxe5 Ne4 11. Nxe4 fxe4 12. Bxe4 Bxe5 13. Qb3 c6 14.
f4 Bg7 15. Rad1 d5 16. cxd5 exd5 17. Bg2 Qxe2 18. Rfe1 Qg4 19. h3 Qd7 20.
Re7 { Black forfeits on time } 1-0

[Event "ICC tourney 2530 (3 2)"]
[Site "Internet Chess Club"]
[Date "2021.04.23"]
[Round "3"]
[White "MATHIYAZHAGAN, ASHRITH:K09-15357100"]
[Black "HUNG, DANIEL:K12-14504425"]
[Result "0-1"]
[ICCResult "White forfeits on time"]
[WhiteElo "1400"]
[BlackElo "1400"]
[Opening "French: Tarrasch, closed variation"]
[ECO "C05"]
[NIC "FR.17"]
[Time "18:39:41"]
[PlyCount "46"]
[TimeControl "180+2"]

1. e4 e6 2. d4 d5 3. Nd2 c5 4. c3 Nf6 5. e5 Nfd7 6. Bd3 Nc6 7. Ne2 f6 8.
exf6 Nxf6 9. Nf3 cxd4 10. cxd4 Be7 11. O-O O-O 12. Re1 Bd7 13. Nf4 Qc8 14.
Qe2 Bd6 15. Nh3 Re8 16. Bg5 Qc7 17. Rac1 Qb6 18. Bxf6 gxf6 19. Qe3 Re7 20.
Nf4 Bxf4 21. Qxf4 Rf8 22. Qd6 Rg7 23. g3 Nxd4 { White forfeits on time }
0-1

[Event "ICC tourney 2530 (3 2)"]
[Site "Internet Chess Club"]
[Date "2021.04.23"]
[Round "3"]
[White "DAS, SHREYAS:K09-15671703"]
[Black "CHOW, JOHANNES:K09-30063081"]
[Result "0-1"]
[ICCResult "White resigns"]
[WhiteElo "1400"]
[BlackElo "1400"]
[Opening "Sicilian defense"]
[ECO "B33"]
[NIC "SI.32"]
[Time "18:43:40"]
[PlyCount "54"]
[TimeControl "180+2"]

1. e4 c5 2. Nf3 Nc6 3. d4 cxd4 4. Nxd4 Nf6 5. c3 e5 6. Nxc6 bxc6 7. Nd2 d5
8. exd5 cxd5 9. Bb5+ Bd7 10. Qa4 Bxb5 11. Qxb5+ Qd7 12. Qxd7+ Kxd7 13. O-O
Bd6 14. Nb3 Rab8 15. Bg5 Ne4 16. Bd2 Nxd2 17. Nxd2 f6 18. b4 Ke6 19. Rfe1
Rhc8 20. Rac1 a5 21. a3 axb4 22. axb4 Rb7 23. Nb3 Rbc7 24. Re3 Bxb4 25.
Rce1 Rxc3 26. Rxc3 Rxc3 27. Rd1 Rxb3 { White resigns } 0-1

[Event "ICC tourney 2530 (3 2)"]
[Site "Internet Chess Club"]
[Date "2021.04.23"]
[Round "3"]
[White "LI, AUSTIN:K09-16606238"]
[Black "BIRADAVOLU, ASRITH:K12-14190950"]
[Result "0-1"]
[ICCResult "White forfeits on time"]
[WhiteElo "1400"]
[BlackElo "1400"]
[Opening "Sicilian defense"]
[ECO "B76"]
[NIC "SI.33"]
[Time "18:39:38"]
[PlyCount "48"]
[TimeControl "180+2"]

1. e4 c5 2. Nf3 Nc6 3. d4 cxd4 4. Nxd4 g6 5. Be3 Bg7 6. Nc3 Nf6 7. f3 d6 8.
Qd2 O-O 9. Nxc6 bxc6 10. Bh6 Bxh6 11. Qxh6 Qb6 12. Rb1 d5 13. exd5 cxd5 14.
Bd3 d4 15. Ne4 Ba6 16. Nxf6+ exf6 17. Bxa6 Qxa6 18. Qd2 Rac8 19. a3 Rfe8+
20. Kd1 Rc6 21. Re1 Re3 22. Rc1 Qb5 23. Rxe3 dxe3 24. Qd3 Rd6 { White
forfeits on time } 0-1

[Event "ICC tourney 2530 (3 2)"]
[Site "Internet Chess Club"]
[Date "2021.04.23"]
[Round "3"]
[White "PANIKKATH, ADITYA:K09-30103787"]
[Black "ELIAS FALL, KHADIM:K09-15886147"]
[Result "1/2-1/2"]
[ICCResult "White stalemated"]
[WhiteElo "1400"]
[BlackElo "1400"]
[Opening "Four knights: Italian variation"]
[ECO "C47"]
[NIC "KP.06"]
[Time "18:40:14"]
[PlyCount "134"]
[TimeControl "180+2"]

1. e4 e5 2. Nf3 Nc6 3. Nc3 Nf6 4. Bc4 Bb4 5. d3 O-O 6. Be3 d6 7. a3 Ba5 8.
O-O h6 9. Nd5 Be6 10. Nxf6+ Qxf6 11. Bxe6 Qxe6 12. c3 Qf6 13. Qb3 Qe6 14.
Qxe6 fxe6 15. b4 Bb6 16. a4 Bxe3 17. fxe3 d5 18. exd5 exd5 19. b5 e4 20.
bxc6 exf3 21. Rxf3 bxc6 22. Rxf8+ Rxf8 23. Rf1 Rxf1+ 24. Kxf1 Kf7 25. Ke2
Ke6 26. e4 dxe4 27. dxe4 Ke5 28. Ke3 c5 29. c4 g5 30. h3 h5 31. g4 hxg4 32.
hxg4 c6 33. Kf3 a5 34. Ke3 Ke6 35. Kf3 Ke5 36. Ke3 Kf6 37. Kf3 Ke5 38. Ke3
Ke6 39. Kf3 Kd6 40. Ke3 Ke5 41. Kf3 Kd4 42. Kg3 Kxe4 43. Kf2 Kf4 44. Kg2
Kxg4 45. Kf2 Kf4 46. Ke2 g4 47. Kf2 g3+ 48. Kg2 Kg4 49. Kg1 Kf3 50. Kf1 g2+
51. Kg1 Ke3 52. Kxg2 Kd4 53. Kf2 Kxc4 54. Ke3 Kb4 55. Kd3 c4+ 56. Kd4 c3
57. Kd3 Kxa4 58. Kxc3 Kb5 59. Kb3 a4+ 60. Kb2 c5 61. Ka3 c4 62. Kb2 Kb4 63.
Ka2 c3 64. Kb1 Kb3 65. Ka1 a3 66. Kb1 a2+ 67. Ka1 Ka3 { White stalemated }
1/2-1/2

[Event "ICC tourney 2530 (3 2)"]
[Site "Internet Chess Club"]
[Date "2021.04.23"]
[Round "3"]
[White "B LANCMAN, KYLE:K12-15146021"]
[Black "MALLADI, SADKRITH:K09-15797710"]
[Result "1-0"]
[ICCResult "Black forfeits on time"]
[WhiteElo "1400"]
[BlackElo "1400"]
[Opening "Sicilian: Nimzovich-Rossolimo attack (with ...g6, without ...d6)"]
[ECO "B31"]
[NIC "SI.31"]
[Time "18:39:48"]
[PlyCount "57"]
[TimeControl "180+2"]

1. e4 c5 2. Nf3 Nc6 3. Bb5 g6 4. O-O Bg7 5. Re1 Nf6 6. e5 Nd5 7. Nc3 Nc7 8.
Bxc6 dxc6 9. Ne4 Ne6 10. d3 O-O 11. Be3 b6 12. Qd2 Ba6 13. Bh6 c4 14. Bxg7
Kxg7 15. d4 Qd5 16. Neg5 h6 17. Nxe6+ Qxe6 18. c3 Bb7 19. Rad1 Rfd8 20. Qe3
Qd5 21. Nd2 Bc8 22. Qe2 Be6 23. Ne4 Bf5 24. Ng3 Be6 25. f4 Qd7 26. h3 Bf5
27. Nxf5+ Qxf5 28. Rf1 Qe6 29. g4 { Black forfeits on time } 1-0

[Event "ICC tourney 2530 (3 2)"]
[Site "Internet Chess Club"]
[Date "2021.04.23"]
[Round "3"]
[White "KINI, SIDDHARTH:K09-15628986"]
[Black "MUTHUKUMARAN, ARJUN:K09-30018527"]
[Result "0-1"]
[ICCResult "White forfeits on time"]
[WhiteElo "1400"]
[BlackElo "1400"]
[Opening "Sicilian: Alapin's variation (2.c3)"]
[ECO "B22"]
[NIC "SI.46"]
[Time "18:39:27"]
[PlyCount "44"]
[TimeControl "180+2"]

1. e4 c5 2. c3 g6 3. d4 cxd4 4. cxd4 Nc6 5. Nf3 Bg7 6. e5 d6 7. exd6 Qxd6
8. d5 Nb8 9. Bb5+ Bd7 10. Bxd7+ Nxd7 11. O-O Ngf6 12. Nc3 O-O 13. Be3 Nb6
14. Bxb6 axb6 15. Qb3 Nd7 16. Rad1 Nc5 17. Qc4 Rfc8 18. Qe2 Qd7 19. Ne5
Bxe5 20. Qxe5 Na4 21. Nxa4 Rxa4 22. a3 Ra5 { White forfeits on time } 0-1

[Event "ICC tourney 2530 (3 2)"]
[Site "Internet Chess Club"]
[Date "2021.04.23"]
[Round "3"]
[White "ZONG, DAVIS:K09-14980186"]
[Black "ANG, TIMOTHY:K09-16772800"]
[Result "1-0"]
[ICCResult "Black resigns"]
[WhiteElo "1400"]
[BlackElo "1400"]
[Opening "QGD: classical variation (5.Bf4)"]
[ECO "D37"]
[NIC "QP.08"]
[Time "18:39:37"]
[PlyCount "91"]
[TimeControl "180+2"]

1. d4 d5 2. c4 e6 3. Nf3 Nf6 4. Nc3 Be7 5. Bf4 Nc6 6. e3 Bd7 7. Bd3 h6 8.
O-O O-O 9. Ne5 Nxe5 10. dxe5 Nh7 11. cxd5 exd5 12. Nxd5 Be6 13. Nxe7+ Qxe7
14. Qc2 f5 15. exf6 Nxf6 16. Qxc7 Qxc7 17. Bxc7 Rac8 18. Be5 Rfd8 19. Rfd1
Nd7 20. Bd4 Nc5 21. Bxc5 Rxc5 22. Bh7+ Kxh7 23. Rxd8 Rc2 24. b3 Rc5 25. h4
Rh5 26. Rd6 Bf5 27. Rd5 Bg6 28. Rxh5 Bxh5 29. f3 Be8 30. g4 Kg6 31. Kf2 h5
32. g5 Kf5 33. Rc1 Bc6 34. Rc5+ Ke6 35. e4 Be8 36. f4 Kd6 37. Rc3 Bc6 38.
Ke3 Ke6 39. Kd4 g6 40. Rxc6+ bxc6 41. Kc5 Kd7 42. f5 gxf5 43. exf5 a6 44.
b4 Kc7 45. g6 Kd7 46. g7 { Black resigns } 1-0